 Dungeon Crawl Stone Soup version bcrawl-1.40.3b (webtiles) character file.

Game seed: 13642035498687636644

558903 foxfromabyss the Spry (level 15, -16/156 HPs)
             Began as a Merfolk Transmuter on Dec 5, 2023.
             Was the Champion of Makhleb.
             Demolished by a snapping turtle (20 damage)
             ... on level 1 of the Shoals.
             The game lasted 00:36:33 (19351 turns).

foxfromabyss the Spry (Merfolk Transmuter)         Turns: 19351, Time: 00:36:34

Health: -16/156    AC: 11    Str: 11    XL:     15   Next: 67%
Magic:  0/22       EV: 24    Int: 22    God:    Makhleb [******]
Gold:   1620       SH:  0    Dex: 19    Spells: 14/24 levels left

rFire    . . .     GDR:     42%   - Ice fists (freeze) (35.0)
rCold    + + +     SeeInvis .   (shield currently unavailable)
rNeg     . . .     Gourm    .   (armour currently unavailable)
rPois    +         Faith    .   (helmet currently unavailable)
rElec    .         Spirit   +   z - +0 cloak
rCorr    .         Reflect  .   (gloves currently unavailable)
MR       +++..                  (boots currently unavailable)
Stlth    ++........             B - amulet of guardian spirit
HPRegen  0.36/turn              I - +6 ring of intelligence
MPRegen  0.18/turn              A - ring of protection from fire

@: ice-form
A: large, (change form in water), (swift swim), (stealthy swim), rugged brown
scales 1, wild magic 1
a: End Transformation, Minor Destruction, Hew, Major Destruction, Greater
Servant of Makhleb, Renounce Religion


You were on level 1 of the Shoals.
You worshipped Makhleb.
Makhleb was exalted by your worship.
You were not hungry.
You were a creature of crystalline ice.
You visited 5 branches of the dungeon, and saw 20 of its levels.

You collected 1925 gold pieces.
You spent 305 gold pieces at shops.

Inventory:

Missiles
 a - 2624 arrows
 K - 2 throwing nets {=f}
Armour
 u - a +0 hat (melded)
 w - the +2 robe of Boah (melded) {rPois Dex+6}
   (You bought it in a shop on level 4 of the Dungeon)

   It affects your dexterity (+6).
   It protects you from poison.
 z - a +0 cloak (worn)
 J - a +0 pair of gloves (melded)
Magical Staves
 R - an uncursed staff of wizardry (melded)
Jewellery
 m - the ring of Rationality {Ice +Blink Int-2 SInv}
   (You found it on level 6 of the Lair of Beasts)

   [ring of ice]

   It enhances your ice magic.
   It affects your intelligence (-2).
   It makes you vulnerable to fire.
   It protects you from cold.
   It lets you see invisible.
   It lets you blink.
 y - an uncursed ring of resist corrosion
 A - a ring of protection from fire (right front paw)
 B - an amulet of guardian spirit (around neck)
 I - a +6 ring of intelligence (left front paw)
 P - an uncursed ring of see invisible
 Y - an uncursed ring of protection from fire
Wands
 C - a wand of iceblast (17)
 F - a wand of clouds (8)
 G - a wand of acid (4)
 L - a wand of paralysis (9)
 O - a wand of digging (11)
Scrolls
 g - a scroll of fog
 h - 7 scrolls of remove curse
 i - a scroll of identify
 j - a scroll of acquirement {unknown}
 k - 4 scrolls of blinking
 l - 7 scrolls of enchant armour
 s - 6 scrolls of teleportation
 x - 2 scrolls of enchant weapon
 E - 3 scrolls of revelation {unknown}
 N - 3 scrolls of amnesia {unknown}
 S - a scroll of vulnerability {unknown}
 X - a scroll of summoning
Potions
 b - a potion of ambrosia {unknown}
 c - 2 potions of invisibility {unknown}
 d - 3 potions of lignification
 f - 2 potions of berserk rage
 n - 5 potions of curing {unknown}
 o - 3 potions of haste {unknown}
 q - 4 potions of agility {unknown}
 r - a potion of brilliance
 t - a potion of resistance {unknown}
 v - 2 potions of degeneration {unknown}
 D - 4 potions of heal wounds
 M - a potion of flight {unknown}
 Q - a potion of might {unknown}
 T - 2 potions of mutation
 W - a potion of cancellation {unknown}
Miscellaneous
 H - a lamp of fire
 V - a lightning rod (4/4)
Comestibles
 e - 38 rations {!d}
 p - 14 chunks of flesh


   Skills:
 + Level 14.4 Fighting
 + Level 17.5 Dodging
 + Level 15.5 Unarmed Combat
 - Level 5.0 Spellcasting
 - Level 10.5 Transmutations
 - Level 4.0 Ice Magic
 + Level 9.0 Invocations


You had 14 spell levels left.
You knew the following spells:

 Your Spells              Type           Power        Failure   Level  Hunger
a - Beastly Appendage     Tmut           ######       1%          1    None
b - Sticks to Snakes      Tmut           ######..     1%          2    None
c - Spider Form           Tmut/Pois      ###          6%          3    ###....
d - Ice Form              Ice/Tmut       #####...     8%          4    #####..

Your spell library contained the following spells:

 Spells                   Type           Power        Failure   Level  Hunger
 Passwall                 Tmut/Erth      #####...     3%          2    None
 Blade Hands              Tmut           ######....   6%          5    ######.
 Apportation              Tloc           #.....       14%         1    None
 Corona                   Hex            #......      14%         1    None
 Infusion                 Chrm           #.......     14%         1    None
 Magic Dart               Conj           #...         14%         1    None
 Necrotize                Necr           #.....       14%         1    None
 Sandblast                Erth           #.....       14%         1    None
 Slow                     Hex            #.......     14%         1    None
 Summon Butterflies       Summ           #.......     14%         1    None
 Summon Small Mammal      Summ           #...         14%         1    None
 Call Imp                 Summ           #.....       22%         2    None
 Searing Ray              Conj           #.......     22%         2    None
 Call Canine Familiar     Summ           #.......     38%         3    ###....
 Iskenderun's Mystic Bla  Conj           #.......     38%         3    ###....
 Vampiric Draining        Necr           #.........   38%         3    ###....
 Irradiate                Conj/Tmut      #####.....   41%         5    ######.
 Summon Ice Beast         Ice/Summ       ###.....     50%         4    #####..
 Agony                    Necr           #.......     77%         4    #####..
 Animate Dead             Necr           N/A          77%         4    #####..
 Fulminant Prism          Conj/Hex       #.........   77%         4    #####..
 Dispel Undead            Necr           #.......     97%         5    ######.
 Summon Lightning Spire   Summ/Air       #.......     97%         5    ######.


Dungeon Overview and Level Annotations

Branches:
Dungeon (11/12)            Temple (1/1) D:4            Lair (6/6) D:8
  Swamp (0/3) Lair:2       Shoals (1/3) Lair:4        Slime (0/5) Orc
    Orc (1/1) D:9          Vaults (0/3) D:11         Forest (0/3) Lair:6

Altars:
Ashenzari
Cheibriados
Dithmenos
Elyvilon
Fedhas
Gozag
Hepliaklqana
Kikubaaqudgha
Lugonu
Makhleb
Nemelex Xobeh
Okawaru
Qazlal
Ru
Sif Muna
Trog
Uskayaw
Vehumet
Wu Jian
Xom
Yredelemnul
Zin
The Shining One
Jiyva

Shops:
D:4 ([?%   D:5 !   D:6 *   D:9 =   D:10 %   Orc :*(%

Portals:
Pandemonium: Orc

Annotations:
Lair:1 exclusion: oklob plant Orc 2 transporters, Argron's ghost, journeyman EnFi


Innate Abilities, Weirdness & Mutations

((You revert to your normal form in water.))
((You are very nimble and swift while swimming.))
((You are very stealthy in the water. (Stealth+)))
(You are partially covered in rugged brown scales. (AC +1, +3% HP))
((You are partially covered in yellow scales. (AC +2)))
((Armour fits poorly on your strangely shaped body.))
Your spells are a little harder to cast, but a little more powerful.


Message History

Aim: a merfolk impaler, wielding a +0 trident and wearing a +0 robe (almost dead)
You hear a mighty clap of thunder!
The bolt of lightning hits the snapping turtle but does no damage.
The bolt of lightning misses the merfolk impaler.
You hear a screech!
The snapping turtle misses you.
Press: ? - help, Shift-Dir - straight line, f/p - merfolk impaler
Aim: a merfolk impaler, wielding a +0 trident and wearing a +0 robe (severely wounded)
The iron shot hits the merfolk aquamancer!!
The merfolk aquamancer is moderately wounded.
The merfolk aquamancer completely misses you.
The snapping turtle barely misses you.
You punch the merfolk aquamancer! You freeze the merfolk aquamancer.
The merfolk aquamancer is heavily wounded.
You hit the merfolk aquamancer.
The merfolk aquamancer is heavily wounded.
The merfolk aquamancer hits you with a +1 vampiric rapier!
* * * LOW HITPOINT WARNING * * *
The snapping turtle bites you from afar!!
You die...

≈≈≈≈ .
#....#...♣...≈
≈≈≈≈
#....#........
≈≈≈≈
#....#.♣.8.♣..
≈≈≈≈
#..).#........
≈≈≈≈. ≈≈
####÷#...♣....
≈.≈≈≈
.≈..♣...........#
≈≈≈≈....
♣....).######.
≈≈≈≈≈...
#####†.≈mt...#
≈≈.≈...#
#....#)Y#≈...#
......#
#....#..#mm..#
..≈...##
#....#.♣#...%#
.≈≈≈....
#....#♣.######
.≈≈≈≈≈≈≈ ######
≈.≈ )≈≈≈≈≈≈≈
≈≈≈≈≈ .≈≈≈≈≈≈≈
≈≈≈≈≈≈. ≈≈≈≈≈≈≈≈
≈≈≈≈≈≈≈ ≈≈≈≈≈≈≈≈
≈≈≈≈≈≈≈


You could see a merfolk aquamancer and a snapping turtle.

Vanquished Creatures
  An ironheart preserver (D:11)
  A merfolk javelineer (Shoals:1)
  6 hydras
  A catoblepas (Lair:6)
  A merfolk avatar (Lair:6)
  A merfolk aquamancer (Shoals:1)
  Sonja (Lair:5)
  An alligator snapping turtle (Shoals:1)
  An alligator (Lair:6)
  2 two-headed ogres
  A queen ant (Lair:5)
  4 death yaks (Lair:5)
  An ogre mage (D:11)
  5 sea snakes
  7 orc high priests (Orc)
  2 centaur warriors (D:11)
  Nergalle (Lair:1)
  A spriggan druid (Lair:6)
  2 infernal demonspawn (Orc)
  2 gelid demonspawn (Orc)
  2 harpies (Lair:6)
  5 orc knights
  2 cyclopes
  4 orc sorcerers (Orc)
  4 ugly things
  A faun (Shoals:1)
  A manticore (D:11)
  3 merfolk sirens (Lair:4)
  6 elephants (Lair:6)
  2 black mambas
  2 gargoyles
  A smoke demon (Orc)
  3 rime drakes (Lair:6)
  A torpor snail (Lair:2)
  2 orange demons (Orc)
  15 cane toads
  A hellwing (Orc)
  5 komodo dragons
  3 wind drakes
  A red devil (Orc)
  A queen bee (D:10)
  4 merfolk
  A harpy skeleton (D:8)
  2 trolls
  2 polar bears (Lair:6)
  5 hornets (Lair:6)
  3 blink frogs (Lair:5)
  12 hippogriffs
  19 dream sheep
  2 meliai zombies
  A vampire (D:9)
  2 shadows
  4 hogs (D:7)
  31 yaks
  2 wyverns
  A human (D:7)
  2 basilisks
  3 spriggans (Lair:6)
  4 steam dragons
  3 hungry ghosts
  A harpy simulacrum (D:9)
  3 wargs (D:8)
  10 water moccasins
  13 porcupines
  11 crocodiles
  A cane toad skeleton (D:10)
  2 ice beasts
  20 soldier ants
  2 sky beasts
  23 orc warriors
  2 black bears
  2 necrophages
  A phantom (D:5)
  3 boggarts (D:10)
  3 ogres
  3 wolves (Lair:4)
  11 bullfrogs
  A gnoll sergeant (D:8)
  6 centaurs
  4 scorpions
  46 killer bees
  12 wights
  5 howler monkeys
  2 electric eels (D:10)
  20 orc priests
  12 crimson imps
  A bullfrog zombie (D:5)
  2 jellies
  2 quasits
  A gnoll shaman (D:6)
  A hound (D:10)
  3 iguanas
  2 bullfrog skeletons
  16 orc wizards
  29 worker ants
  A killer bee zombie (D:6)
  A hound zombie (D:7)
  2 hound skeletons (D:9)
  A howler monkey zombie (D:4)
  8 gnolls
  A howler monkey skeleton (D:6)
  5 adders
  3 shadow imps
  An adder skeleton (D:5)
  2 worms
  3 dart slugs
  5 leopard geckos
  71 orcs
  A ball python (D:2)
  7 bats
  4 giant cockroaches
  6 goblins
  10 hobgoblins
  4 quokkas
  A frilled lizard (D:1)
  6 kobolds
  A quokka skeleton (D:4)
  7 rats
637 creatures vanquished.

Vanquished Creatures (collateral kills)
  A jelly (D:5)
1 creature vanquished.

Vanquished Creatures (others)
  29 fungi
  8 plants
  3 toadstools (D:11)
40 creatures vanquished.

Grand Total: 678 creatures vanquished

Notes
Turn   | Place    | Note
-------+----------+-------------------------------------------
     0 | D:1      | foxfromabyss the Merfolk Transmuter began the quest for the
                  | Orb.
     0 | D:1      | Reached XP level 1. HP: 15/15 MP: 3/3
   265 | D:1      | Reached skill level 3 in Dodging
   266 | D:1      | Reached XP level 2. HP: 19/21 MP: 3/5
   982 | D:2      | Reached XP level 3. HP: 25/27 MP: 4/6
  1124 | D:2      | Found a hide-covered altar of Uskayaw.
  1406 | D:2      | Learned a level 2 spell: Sticks to Snakes
  1410 | D:2      | Learned a level 3 spell: Spider Form
  1470 | D:3      | Reached XP level 4. HP: 34/34 MP: 5/7
  1485 | D:3      | Noticed a centaur
  1499 | D:3      | Killed a centaur
  1500 | D:3      | Reached skill level 4 in Dodging
  1500 | D:3      | Reached XP level 5. HP: 15/41 MP: 4/8
  1688 | D:3      | Found a radiant altar of Vehumet.
  1694 | D:3      | Noticed a hippogriff
  1708 | D:3      | Killed a hippogriff
  1709 | D:3      | Reached skill level 5 in Dodging
  1709 | D:3      | Reached skill level 5 in Unarmed Combat
  1709 | D:3      | Reached XP level 6. HP: 26/47 MP: 3/9
  1823 | D:3      | Found a sacrificial altar of Ru.
  2323 | D:4      | Found Uryel's Food Boutique.
  2323 | D:4      | Found Jerimyup's Magic Scroll Shoppe.
  2351 | D:4      | Reached skill level 6 in Dodging
  2654 | D:4      | Bought a scroll of blinking for 82 gold pieces
  2654 | D:4      | Bought a scroll of teleportation for 33 gold pieces
  2678 | D:4      | Found a staircase to the Ecumenical Temple.
  2694 | D:4      | Found Feorob's Antique Armour Emporium.
  2705 | Temple   | Entered the Ecumenical Temple
  2841 | D:4      | Bought a bloodstained robe for 125 gold pieces
  2854 | D:4      | Identified the +2 robe of Boah {rPois Dex+6} (You bought it
                  | in a shop on level 4 of the Dungeon)
  2891 | D:4      | Reached XP level 7. HP: 52/52 MP: 6/10
  2901 | D:4      | Reached skill level 7 in Dodging
  2952 | D:4      | Found a shimmering altar of Xom.
  2952 | D:4      | Found a burning altar of Makhleb.
  2963 | D:4      | Became a worshipper of Makhleb the Destroyer
  3025 | D:4      | Found Weopoyt's Antique Weapon Shop.
  3263 | D:4      | Learned a level 4 spell: Ice Form
  3274 | D:5      | Entered Level 5 of the Dungeon
  3274 | D:5      | Found Furrow's Distillery.
  3401 | D:5      | Reached skill level 1 in Ice Magic
  3455 | D:5      | Bought a potion of heal wounds for 65 gold pieces
  3495 | D:5      | Reached XP level 8. HP: 45/58 MP: 3/11
  3576 | D:5      | Reached skill level 5 in Transmutations
  3661 | D:5      | Gained mutation: Your magical capacity is low. (-10% MP)
                  | [mutagenic glow]
  3707 | D:5      | Lost mutation: Your magical capacity is low. (-10% MP)
                  | [potion of mutation]
  3707 | D:5      | Gained mutation: Your spells are a little harder to cast,
                  | but a little more powerful. [potion of mutation]
  3707 | D:5      | Gained mutation: You are partially covered in rugged brown
                  | scales. (AC +1, +3% HP) [potion of mutation]
  3707 | D:5      | Gained mutation: Armour fits poorly on your strangely
                  | shaped body. [potion of mutation]
  3707 | D:5      | Gained mutation: You are partially covered in yellow
                  | scales. (AC +2) [potion of mutation]
  4295 | D:5      | Noticed a two-headed ogre
  4314 | D:5      | Killed a two-headed ogre
  4315 | D:5      | Reached skill level 10 in Transmutations
  4315 | D:5      | Reached XP level 9. HP: 54/64 MP: 9/12
  4517 | D:5      | Found a bloodstained altar of Trog.
  4703 | D:6      | Reached * piety under Makhleb
  4809 | D:6      | Found a shattered altar of Ashenzari.
  5089 | D:6      | Noticed a troll
  5146 | D:6      | Killed a troll
  5272 | D:6      | Reached ** piety under Makhleb
  5319 | D:6      | Noticed a six-headed hydra
  5325 | D:6      | Killed a six-headed hydra
  5326 | D:6      | Reached skill level 5 in Fighting
  5326 | D:6      | Reached skill level 8 in Dodging
  5326 | D:6      | Reached XP level 10. HP: 76/76 MP: 13/16
  5439 | D:6      | Found Foggedej's Assorted Antiques.
  5463 | D:6      | Found an iron altar of Okawaru.
  6312 | D:7      | Reached skill level 9 in Dodging
  6790 | D:8      | Reached skill level 5 in Spellcasting
  6806 | D:8      | Found a white marble altar of Elyvilon.
  6919 | D:8      | Noticed a gargoyle
  6923 | D:8      | Killed a gargoyle
  6999 | D:8      | Found a sparkling altar of Nemelex Xobeh.
  7001 | D:8      | Reached *** piety under Makhleb
  7016 | D:8      | Reached skill level 10 in Dodging
  7038 | D:8      | Reached XP level 11. HP: 69/86 MP: 18/18
  7066 | D:8      | Found a staircase to the Lair.
  7574 | Lair:1   | Entered Level 1 of the Lair of Beasts
  7667 | Lair:1   | Reached skill level 10 in Unarmed Combat
  7747 | Lair:1   | Reached skill level 11 in Dodging
  7758 | Lair:1   | Noticed Nergalle
  7767 | Lair:1   | Killed Nergalle
  8150 | Lair:1   | Noticed an oklob plant
  8302 | Lair:2   | Found a gate leading to a gauntlet.
  8406 | Lair:2   | Reached skill level 12 in Dodging
  8620 | Lair:2   | Reached **** piety under Makhleb
  8636 | Lair:2   | Reached XP level 12. HP: 84/98 MP: 19/19
  9135 | Lair:2   | Found a staircase to the Swamp.
  9448 | Lair:3   | Got a heavily jewelled robe
  9927 | Lair:4   | Noticed Sonja
 10173 | Lair:4   | Reached skill level 10 in Fighting
 10231 | Lair:4   | Reached skill level 13 in Dodging
 10311 | Lair:4   | Noticed an eight-headed hydra
 10321 | Lair:4   | Killed an eight-headed hydra
 10358 | Lair:4   | Noticed a five-headed hydra
 10364 | Lair:4   | Killed a five-headed hydra
 10449 | Lair:4   | Found a staircase to the Shoals.
 11067 | Lair:5   | Noticed a death yak
 11076 | Lair:5   | Noticed a death yak
 11076 | Lair:5   | Noticed a death yak
 11080 | Lair:5   | Killed a death yak
 11080 | Lair:5   | Noticed a death yak
 11081 | Lair:5   | Reached skill level 14 in Dodging
 11103 | Lair:5   | Killed a death yak
 11104 | Lair:5   | Reached XP level 13. HP: 85/109 MP: 10/20
 11288 | Lair:5   | Reached ***** piety under Makhleb
 11294 | Lair:5   | Killed Sonja
 12071 | Lair:6   | Entered Level 6 of the Lair of Beasts
 12145 | Lair:6   | Reached skill level 15 in Dodging
 12145 | Lair:6   | Reached skill level 1 in Invocations
 12327 | Lair:6   | Found a staircase to the Spriggan Forest.
 12640 | Lair:6   | Reached XP level 14. HP: 119/119 MP: 21/21
 13011 | Lair:6   | Reached skill level 5 in Invocations
 13367 | Lair:6   | Identified the +1 robe of Beyond {Dex+3} (You found it on
                  | level 3 of the Lair of Beasts)
 13397 | Lair:6   | Got a flickering golden ring
 13399 | Lair:6   | Identified the ring of Diuzxea {+Inv rPois Dex+3} (You
                  | found it on level 6 of the Lair of Beasts)
 13590 | D:9      | Found a staircase to the Orcish Mines.
 13597 | D:9      | Reached ****** piety under Makhleb
 13598 | D:9      | Reached skill level 16 in Dodging
 13847 | D:9      | Found Ettad's Jewellery Shop.
 14230 | D:9      | Found a corrupted altar of Lugonu.
 14393 | D:10     | Entered Level 10 of the Dungeon
 14867 | D:10     | Found Pydaa's Food Emporium.
 15611 | D:11     | Found a gate to the Vaults.
 15611 | D:11     | Noticed an ironheart preserver
 15651 | D:11     | Killed an ironheart preserver
 16482 | Lair:6   | Got a pair of spiked boots
 16490 | Lair:6   | Identified the cursed +0 pair of boots of Music {MR- Int+6
                  | Stlth+} (You found it on level 6 of the Lair of Beasts)
 16575 | Lair:6   | Got a vibrating tin ring
 16883 | D:11     | Identified the ring of Rationality {Ice +Blink Int-2 SInv}
                  | (You found it on level 6 of the Lair of Beasts)
 17622 | Orc      | Entered the Orcish Mines
 17665 | Orc      | Found a transporter.
 17666 | Orc      | Noticed Argron's ghost (journeyman EnFi)
 17671 | Orc      | Found a transporter.
 17736 | Orc      | Found a viscous altar of Jiyva.
 17736 | Orc      | Found a staircase to the Slime Pits.
 17873 | Orc      | Reached XP level 15. HP: 128/128 MP: 22/22
 18223 | Orc      | Found Kukk's Food Boutique.
 18260 | Orc      | Found Natogiga's General Store.
 18366 | Orc      | Reached skill level 15 in Unarmed Combat
 18484 | Orc      | Reached skill level 17 in Dodging
 18731 | Orc      | Found Aczaohimn's Antique Weapon Shoppe.
 18731 | Orc      | Found Huaqeder's Book Emporium.
 18742 | Orc      | Found a one-way gate leading to the halls of Pandemonium.
 18971 | Shoals:1 | Entered Level 1 of the Shoals
 19351 | Shoals:1 | HP: 4/156 [merfolk aquamancer/+1 vampiric rapier (11)]
 19351 | Shoals:1 | Demolished by a snapping turtle

Skill      XL: |  1  2  3  4  5  6  7  8  9 10 11 12 13 14 15 |
---------------+----------------------------------------------+-----
Dodging        | 3 4 5 6 7 8 10 12 14 15 16 17 | 17.5
Fighting       | 2 3 5 7 9 11 12 13 14 | 14.4
Unarmed Combat | 4 5 6 7 8 9 11 12 13 14 15 | 15.5
Transmutations | 4 10 | 10.5
Ice Magic      | 2 4 |  4.0
Spellcasting   | 4 5 |  5.0
Invocations    | 4 7 9 |  9.0

Action                   |  1- 3 |  4- 6 |  7- 9 | 10-12 | 13-15 || total
-------------------------+-------+-------+-------+-------+-------++-------
Melee: Unarmed           |   113 |    72 |   245 |   485 |  1141 ||  2056
       Headbutt          |    14 |     4 |     1 |     1 |       ||    20
       Punch             |       |       |     1 |       |       ||     1
 Cast: Beastly Appendage |    31 |     3 |     4 |     1 |       ||    39
       Spider Form       |       |    10 |    14 |       |       ||    24
       Ice Form          |       |       |     3 |     1 |     4 ||     8
       Sticks to Snakes  |       |       |     1 |       |     2 ||     3
Invok: Major Destruction |       |       |       |       |     2 ||     2
 Abil: End Transformatio |       |       |     3 |       |     4 ||     7
  Use: Potion            |       |       |     3 |       |       ||     3
       Scroll            |       |       |     1 |     3 |     7 ||    11
 Stab: Sleeping          |     1 |     1 |     2 |     4 |     1 ||     9
       Distracted        |       |       |       |       |     1 ||     1
  Eat: Chunk             |     5 |    10 |    17 |    27 |    44 ||   103
       Ration            |       |       |     1 |     1 |     1 ||     3
Armor: Robe              |    22 |     4 |     7 |       |       ||    33
       Skin              |       |     1 |    19 |    97 |   149 ||   266
Dodge: Dodged            |    69 |    67 |   248 |   323 |   859 ||  1566
